 Dungeon Crawl Stone Soup version 0.30.0-16-gbe6223bb7e (webtiles) character file.

Game seed: 5484628715024901733

1220 GloriousHammer the Fighter (level 8, -1/89 HPs)
             Began as an Ogre Cinder Acolyte on May 21, 2023.
             Was a Priest of Ignis.
             Killed from afar by a smoke demon (4 damage)
             ... with a ball of steam
             ... summoned by an orc high priest
             ... in a bailey.
             The game lasted 00:14:55 (6979 turns).

GloriousHammer the Fighter (Ogre Cinder Acolyte)    Turns: 6979, Time: 00:14:55

Health: -1/89      AC: 10    Str: 19    XL:     8   Next: 47%
Magic:  2/15       EV:  9    Int: 17    God:    Ignis [***...]
Gold:   1222       SH:  0    Dex:  4    Spells: 15/17 levels left

rFire   + . .        a - -1 mace (flame)
rCold   . . .        (no shield)
rNeg    . . .        b - +0 robe
rPois   +            (helmet restricted)
rElec   .            (no cloak)
rCorr   .            (gloves unavailable)
SInv    .            (boots unavailable)
Will    .....        (no amulet)
Stlth   +            P - ring of poison resistance
HPRegen 0.34/turn    (no ring)
MPRegen 0.14/turn

%: no passive effects
@: fiery-armoured, studying Necromancy
A: large, unfitting armour, tough skin 1
a: Renounce Religion, Fiery Armour, Foxfire Swarm, Rising Flame


You were in a bailey.
You worshipped Ignis.
Ignis was most pleased with you.
You visited 2 branches of the dungeon, and saw 8 of its levels.
You also visited: Bailey.

You collected 1222 gold pieces.

Inventory:

Hand Weapons
 a - a -1 mace of flaming (weapon)
 r - a +0 sling
Missiles
 d - 36 stones
 g - 6 poisoned darts
 o - 5 boomerangs of dispersal
 p - 5 boomerangs
 w - 2 javelins
Armour
 b - a +0 robe (worn)
Jewellery
 F - a ring of protection from fire
 P - a ring of poison resistance (left hand)
Wands
 t - a wand of polymorph (11)
Scrolls
 e - 2 scrolls of poison
 f - 3 scrolls of teleportation
 i - a scroll of enchant armour
 s - a scroll of silence
 u - a scroll of summoning
 y - 2 scrolls of fear
Potions
 h - a potion of lignification {unknown}
 j - a potion of haste
 l - a potion of might {unknown}
 m - a potion of degeneration {unknown}
 n - 3 potions of curing
 q - 2 potions of mutation
 v - a potion of flight {unknown}
 x - a potion of cancellation {unknown}


   Skills:
 + Level 8.5 Fighting
 + Level 5.9 Maces & Flails
 + Level 5.1 Spellcasting
 - Level 4.0 Fire Magic


You had 15 spell levels left.
You knew the following spells:

 Your Spells              Type           Power      Damage    Failure   Level
a - Scorch                Fire           34%        2d6       4%          2

Your spell library contained the following spells:

 Spells                   Type           Power      Damage    Failure   Level
 Magic Dart               Conj           16%        1d3       14%         1
 Necrotise                Necr           16%        1d4       14%         1
 Ensorcelled Hibernation  Hex/Ice        8%         N/A       22%         2
 Passwall                 Tmut/Erth      3%         N/A       22%         2
 Searing Ray              Conj           8%         2d4       22%         2
 Swiftness                Air            4%         N/A       38%         3
 Anguish                  Hex/Necr       2%         N/A       80%         4
 Fulminant Prism          Conj/Hex       2%         3d5       80%         4
 Borgnjor's Vile Clutch   Necr/Erth      2%         N/A       98%         5
 Summon Forest            Summ/Tloc      2%         N/A       98%         5
 Summon Mana Viper        Hex/Summ       4%         N/A       98%         5
 Yara's Violent Unravell  Hex/Tmut       2%         3d3       98%         5
 Summon Cactus Giant      Summ           2%         N/A       100%        6
 Borgnjor's Revivificati  Necr           2%         N/A       100%        8


Dungeon Overview and Level Annotations

Branches:
Dungeon (7/15)             Temple (1/1) D:7          Bailey (1/1)

Altars:
Ashenzari
Cheibriados
Dithmenos
Elyvilon
Fedhas
Gozag
Hepliaklqana
Kikubaaqudgha
Makhleb
Nemelex Xobeh
Okawaru
Qazlal
Ru
Sif Muna
Uskayaw
Xom
Yredelemnul
Zin
The Shining One

Shops:
D:3 (   D:4 =

Annotations:
D:4 2 runed translucent doors, Crazy Yiuf; Liamsmithers's ghost, amateur DsGl


Innate Abilities, Weirdness & Mutations

You are too large for most types of armour.
You have tough skin. (AC +1)


Message History

Confirm with . or Enter, or press ? or * to list all spells.
Flames lash the orc warrior.
The orc warrior is severely wounded.
The orc warrior's fire resistance burns away.
The orc warrior hits you with a +0 war axe.
The orc warrior is burned terribly!
The orc warrior is burned by your cloak of flames.
The orc warrior is almost dead.
Casting: Scorch (safe; 4% risk of failure)
Confirm with . or Enter, or press ? or * to list all spells.
You don't have enough magic to cast this spell.
Casting: Scorch (safe; 4% risk of failure)
Confirm with . or Enter, or press ? or * to list all spells.
You don't have enough magic to cast this spell.
You barely miss the orc warrior.
The orc warrior is almost dead.
The orc warrior hits you with a +0 war axe!
You hit the orc warrior. You burn the orc warrior.
You kill the orc warrior!
Things that are here:
a +0 war axe; a +0 chain mail Unknown command.
Items here: )) [[.
There is an open gate here.
You open the large door. 2 goblins come into view.
The goblin shouts!
An orc warrior comes into view. It is wielding a +0 war axe.
The orc warrior shouts!
There is a large open door here.
The goblin barely misses you.
You barely miss the goblin. The goblin barely misses you. x2
You miss the goblin. The goblin hits you but does no damage.
The goblin is burned by your cloak of flames.
The goblin is severely wounded.
The goblin hits you but does no damage.
The goblin is burned by your cloak of flames.
You kill the goblin!
You barely miss the goblin.
The goblin is severely wounded.
The goblin hits you but does no damage.
The goblin is burned by your cloak of flames.
You kill the goblin!
The orc warrior closely misses you.
You barely miss the orc warrior. The orc warrior closely misses you.
You hit the orc warrior. You burn the orc warrior.
The orc warrior is lightly wounded.
The orc warrior hits you with a +0 war axe!
The orc warrior closely misses you.
You hit the orc warrior but do no damage.
The orc warrior is lightly wounded.
The orc warrior barely misses you.
You sock the orc warrior! You burn the orc warrior.
You punch the orc warrior, but do no damage.
The orc warrior is heavily wounded.
The orc warrior hits you with a +0 war axe!
The orc warrior is burned by your cloak of flames.
The orc warrior is severely wounded.
You hit the orc warrior but do no damage.
The orc warrior is severely wounded.
The orc warrior hits you with a +0 war axe.
You hit the orc warrior but do no damage.
The orc warrior is severely wounded.
The orc warrior hits you with a +0 war axe.
The orc warrior is burned by your cloak of flames.
The orc warrior is severely wounded.
You sock the orc warrior! You burn the orc warrior.
You kill the orc warrior!
Your Spellcasting skill increases to level 5!
Items here: )) [[.
You open the door.
A gnoll and a goblin come into view.
The gnoll shouts!
The goblin shouts!
You hear a shout! x2
A goblin comes into view. It is wielding a +0 hand axe.
An orc comes into view. It is wielding a +0 hand axe.
The gnoll moves out of view.
The goblin shouts!
You hit the goblin. You burn the goblin.
You kill the goblin!
A goblin comes into view. It is wielding a +0 hand axe.
The goblin closely misses you.
There is an open door, spattered with blood here.
Things that are here:
a +0 hand axe; a +0 leather armour You hit the gnoll.
You burn the gnoll.
The gnoll is lightly wounded.
The goblin closely misses you. The gnoll closely misses you.
You hit the gnoll but do no damage.
The gnoll is lightly wounded.
The goblin hits you with a +0 hand axe.
The goblin is burned by your cloak of flames.
The goblin is heavily wounded.
The gnoll hits you with a +0 hand axe.
The gnoll is burned by your cloak of flames.
The gnoll is heavily wounded.
You hit the gnoll. You burn the gnoll.
The gnoll is heavily wounded.
The goblin hits you but does no damage.
The goblin is burned by your cloak of flames.
You kill the goblin!
The gnoll barely misses you. The orc barely misses you.
The gnoll barely misses you.
You hit the gnoll but do no damage.
The gnoll is heavily wounded.
The orc hits you with a +0 hand axe.
The orc is burned by your cloak of flames.
You kill the orc!
The gnoll hits you with a +0 hand axe.
The gnoll is burned by your cloak of flames.
The gnoll is severely wounded.
You sock the gnoll! You burn the gnoll.
You kill the gnoll!
The goblin hits you but does no damage.
The goblin is burned by your cloak of flames.
The goblin is severely wounded.
The goblin barely misses you.
Things that are here:
a +0 hand axe; a +0 leather armour; a gnoll corpse The goblin barely misses you.
You hit the goblin but do no damage.
The goblin is severely wounded.
The goblin barely misses you.
You barely miss the goblin.
The goblin is severely wounded.
The goblin hits you with a +0 hand axe.
The goblin is burned by your cloak of flames.
You kill the goblin!
Unknown command.
You open the door.
A goblin comes into view. It is wielding a +0 hand axe.
The goblin shouts!
There is an open door here.
The goblin closely misses you.
You hit the goblin. You burn the goblin.
You kill the goblin!
An orc high priest comes into view. It is wielding a +0 war axe.
You open the door.
The orc high priest shouts!
An electric eel comes into view.
The electric eel moves out of view.
Things that are here:
a +0 hand axe; a +0 leather armour; a goblin corpse You sock the orc high priest!
You burn the orc high priest.
The orc high priest is lightly wounded.
The orc high priest hits you with a +0 war axe!
The orc high priest is burned by your cloak of flames.
The orc high priest is moderately wounded.
You hit the orc high priest. You burn the orc high priest.
The orc high priest is moderately wounded.
The orc high priest hits you with a +0 war axe.
Casting: Scorch (safe; 4% risk of failure)
Confirm with . or Enter, or press ? or * to list all spells.
Flames lash the orc high priest.
The orc high priest is heavily wounded.
The orc high priest's fire resistance burns away.
The orc high priest hits you with a +0 war axe.
The orc high priest is burned by your cloak of flames.
The orc high priest is heavily wounded.
Casting: Scorch (safe; 4% risk of failure)
Confirm with . or Enter, or press ? or * to list all spells.
Flames lash the orc high priest.
The orc high priest is burned terribly!
The orc high priest is severely wounded.
The orc high priest starts to sing a prayer.
The orc high priest barely misses you.
Casting: Scorch (safe; 4% risk of failure)
Confirm with . or Enter, or press ? or * to list all spells.
Flames lash the orc high priest.
The orc high priest is burned terribly!
The orc high priest is severely wounded.
The orc high priest utters an invocation to Beogh.
You hit the orc high priest. You burn the orc high priest.
Your punch misses the orc high priest.
The orc high priest is severely wounded.
The orc high priest hits you with a +0 war axe!
The neqoxec hits you but does no damage.
The neqoxec is burned by your cloak of flames.
The neqoxec is lightly wounded.
The smoke demon barely misses you. The smoke demon hits you.
The smoke demon completely resists.
The smoke demon hits you but does no damage.
The smoke demon completely resists.
Casting: Scorch (safe; 4% risk of failure)
Confirm with . or Enter, or press ? or * to list all spells.
Flames lash the orc high priest.
The orc high priest is burned terribly!
The orc high priest is severely wounded.
The orc high priest mumbles some strange prayers to Beogh.
The neqoxec hits you but does no damage.
The neqoxec is burned by your cloak of flames.
The neqoxec is lightly wounded.
The smoke demon gestures at you. Beogh smites you!
* * * LOW HITPOINT WARNING * * *
Activating: Foxfire Swarm
Press: ? - help, Dir - look around, f - activate Flames leap up around you!
The orc high priest calls down the wrath of Beogh upon you.
Beogh smites you!
* * * LOW HITPOINT WARNING * * *
The smoke demon gestures at you. The ball of steam hits you. You resist.
You die... ≈≈≈ ≈≈≈≈ ≈≈≈≈ ≈≈≈≈≈ ~~~#### .vvv+ #o3### #v@4v# #3vvv#

##v#v#
#..#.~≈
#..#.~≈≈≈
#..#.~≈≈≈≈≈
#..#.~≈≈≈≈≈
#))#.~≈≈≈≈≈
#)##.~≈≈≈≈≈


You could see an orc high priest (combustible, ally target), an orange demon
(summoned, ally target), a smoke demon (summoned, ally target) and a neqoxec
(summoned).

Vanquished Creatures
  A black bear (D:5)
  2 orc warriors (Bailey)
  Blork the orc (D:3)
  2 scorpions (D:4)
  A bullfrog (D:7)
  A wight (D:4)
  3 hounds
  An iron imp (D:6)
  A jelly (D:6)
  An orc priest (D:6)
  2 sleepcaps
  5 orc wizards
  An iguana (D:3)
  Robin (D:3)
  2 gnolls (Bailey)
  4 adders
  2 shadow imps
  A worm (D:4)
  9 dart slugs
  18 orcs
  8 bats
  7 endoplasms
  4 giant cockroaches
  22 goblins
  13 hobgoblins
  3 jackals
  7 quokkas
  4 ball pythons
  3 frilled lizards
  3 kobolds
  6 rats
139 creatures vanquished.

Vanquished Creatures (others)
  An orc wizard (D:3)
  20 foxfires (D:5)
21 creatures vanquished.

Grand Total: 160 creatures vanquished

Notes
Turn   | Place    | Note
-------+----------+-------------------------------------------
     0 | D:1      | GloriousHammer the Ogre Cinder Acolyte began the quest for
                  | the Orb.
     0 | D:1      | Reached XP level 1. HP: 24/24 MP: 2/2
   107 | D:1      | Reached XP level 2. HP: 14/32 MP: 4/4
   380 | D:1      | Learned a level 2 spell: Scorch
   583 | D:1      | Reached XP level 3. HP: 23/39 MP: 2/6
  1640 | D:2      | Identified the +1 leather armour of Waneek {-Tele MP+9
                  | Stlth+}
  1932 | D:3      | Reached XP level 4. HP: 44/48 MP: 1/8
  1949 | D:3      | Found an iron altar of Okawaru.
  2442 | D:3      | Found a hide-covered altar of Uskayaw.
  2455 | D:3      | Noticed Robin
  2465 | D:3      | Killed Robin
  2600 | D:3      | Reached XP level 5. HP: 54/54 MP: 5/10
  2924 | D:3      | Found Muofufou's Antique Weapon Shoppe.
  3277 | D:4      | Noticed Blork the orc
  3290 | D:3      | Killed Blork the orc
  3291 | D:3      | Reached skill level 5 in Fighting
  3291 | D:3      | Reached XP level 6. HP: 24/66 MP: 2/12
  3838 | D:4      | Reached skill level 6 in Fighting
  3945 | D:4      | Reached XP level 7. HP: 56/75 MP: 1/13
  4096 | D:4      | Found Gofib's Jewellery Shoppe.
  4200 | D:4      | Found a runed translucent door.
  4205 | D:4      | Noticed Liamsmithers's ghost (amateur DsGl)
  4639 | D:4      | Found a runed translucent door.
  4640 | D:4      | Noticed Crazy Yiuf
  4676 | D:5      | Entered Level 5 of the Dungeon
  5022 | D:5      | Reached skill level 7 in Fighting
  5022 | D:5      | Reached skill level 5 in Maces & Flails
  5628 | D:6      | Reached XP level 8. HP: 88/88 MP: 9/14
  6203 | D:6      | Found a snail-covered altar of Cheibriados.
  6504 | D:7      | Found a white marble altar of Elyvilon.
  6522 | D:7      | Found a staircase to the Ecumenical Temple.
  6531 | Temple   | Entered the Ecumenical Temple
  6679 | D:7      | Reached skill level 8 in Fighting
  6698 | D:7      | Identified 3 scrolls of acquirement
  6707 | D:7      | Acquired 853 gold pieces
  6708 | D:7      | Acquired Boutus's Parchment of Decaying Jinxing
  6709 | D:7      | Acquired a ring of protection from fire
  6862 | D:7      | Found a flagged portal.
  6871 | Bailey   | Entered a bailey
  6943 | Bailey   | Reached skill level 5 in Spellcasting
  6969 | Bailey   | Noticed an orc high priest
  6977 | Bailey   | Noticed a smoke demon
  6979 | Bailey   | Noticed an orange demon
  6979 | Bailey   | HP: 3/89 [orc high priest/divine providence (17)]
  6979 | Bailey   | Killed from afar by a smoke demon

Illustrated notes

Levels and vault maps discovered:
D:1:      dpeg_arrival_lava_temple_mockup, layout_rooms, chequers_arboretum,
          minmay_surrounded
D:2:      layout_loops_ring
D:3:      layout_loops_corners, eat_drink_and_be_merry_uskayaw,
          okawaru_metal_pillars_1_2, serial_shops, nicolae_shop_peninsula,
          uniq_robin
D:4:      kennysheep_slugbush, layout_rooms, serial_shops, shop,
          ebering_ghost_reflecting_pool, hangedman_abyss_or_decor_lesser_grid,
          minmay_manual_monstrance, uniq_crazy_yiuf_cottage, uniq_blork_the_orc
D:5:      layout_rooms
D:6:      layout_layer_cave, slow_altar_2
D:7:      layout_basic, mainiacjoe_overflow_small_starburst,
          mainiacjoe_overflow_boulevard, minmay_temple_entry_waves,
          enter_bailey_2, uniq_maggie
Temple:   regret_index_temple_generic_petals
Bailey:   bailey_axe_of_yendor_kennysheep, bailey

Skill      XL: |  1  2  3  4  5  6  7  8 |
---------------+-------------------------+-----
Fire Magic     | 3 4 |  4.0
Spellcasting   | 2 3 4 5 |  5.1
Maces & Flails | 3 4 5 |  5.9
Fighting       | 5 6 7 8 |  8.5

Action                     |  1- 3 |  4- 6 |  7- 9 || total
---------------------------+-------+-------+-------++-------
  Melee: Mace              |    66 |    64 |    91 ||   221
         Punch             |       |       |     1 ||     1
   Cast: Scorch            |    33 |    55 |    75 ||   163
 Invoke: Fiery Armour      |       |     2 |     2 ||     4
         Foxfire Swarm     |       |       |     2 ||     2
    Use: Scroll            |       |       |    12 ||    12
 Armour: Robe              |    35 |    34 |    46 ||   115
  Dodge: Dodged            |    49 |    47 |    70 ||   166
